 Dungeon Crawl Stone Soup version 0.19.5 (webtiles) character file.

1229 Gargoyl the Covered (level 8, -11/68 HPs)
             Began as a Ghoul Abyssal Knight on Apr 30, 2017.
             Was a Priest of Lugonu.
             Mangled by an orc warrior
             ... wielding a +0 scimitar
              (16 damage)
             ... on level 6 of the Dungeon.
             The game lasted 00:13:46 (4748 turns).

Gargoyl the Covered (Ghoul Abyssal Knight)          Turns: 4748, Time: 00:13:47

Health: -11/68     AC: 15    Str: 13 (16) XL:     8   Next: 48%
Magic:  10/10      EV:  4    Int:  7      God:    Lugonu [***...]
Gold:   106        SH:  0    Dex: 10      Spells: 0 memorised, 7 levels left

rFire  . . .     SeeInvis .     u - +1 war axe
rCold  + . .     Gourm    .     d - +3 plate armour
rNeg   + + +     Faith    .     (no shield)
rPois  ∞         Spirit   .     (no helmet)
rElec  .         Reflect  .     (no cloak)
rCorr  .         Harm     .     (no gloves)
MR     .....                    (no boots)
Stlth  ..........               (no amulet)
                                (no ring)
                                (no ring)

@: rotting
A: rotting body, claws 1, carnivore 3, cold resistance 1, negative energy
resistance 3, slow regeneration 1, torment resistance, unbreathing
a: Depart the Abyss, Bend Space, Banish, Renounce Religion


You were on level 6 of the Dungeon.
You worshipped Lugonu.
Lugonu was most pleased with you.
You were not hungry.

You visited 1 branch of the dungeon, and saw 6 of its levels.
You visited the Abyss 1 time.
You also visited: Ossuary.

You collected 353 gold pieces.
You spent 247 gold pieces at shops.

Inventory:

Hand Weapons
 a - a +2 hand axe
 u - a +1 war axe (weapon)
Missiles
 r - 5 tomahawks (quivered)
Armour
 d - a +3 plate armour (worn)
 B - the +4 pair of boots of Light {rF- rN+ Int-5 Dex+9}
   (You bought it in a shop on level 4 of the Dungeon)

   It affects your intelligence (-5).
   It affects your dexterity (+9).
   It makes you vulnerable to fire.
   It protects you from negative energy.
Wands
 l - a wand of paralysis (11/24)
Scrolls
 m - a scroll of teleportation
 n - 2 scrolls of remove curse
 p - a scroll of identify
Potions
 b - 4 potions of haste
 k - 2 potions of magic
 o - a potion of agility
 t - 2 potions of resistance
 v - a potion of might
 w - 2 potions of flight
Comestibles
 c - 5 meat rations
 D - a slice of pizza


   Skills:
 + Level 5.0 Fighting
 + Level 5.3 Axes
 * Level 6.0 Armour
 + Level 1.3 Dodging
 * Level 4.4 Invocations
 + Level 0.1 Evocations


You had 7 spell levels left.
You didn't know any spells.

Dungeon Overview and Level Annotations

Branches:
Dungeon (6/15)             Temple (0/1) D:6

Altars:
Ashenzari
Gozag
Kikubaaqudgha
Makhleb
Ru
Sif Muna
Uskayaw

Shops:
D:4 [   D:5 }


Innate Abilities, Weirdness & Mutations

Your body is rotting away.
You thrive on raw meat.
You are immune to poison.
You have sharp fingernails.
You are carnivorous and can eat meat at any time.
Your flesh is cold resistant. (rC+)
You are immune to negative energy. (rN+++)
You regenerate slowly when monsters are visible.
You are immune to unholy pain and torment.
You can survive without breathing.


Message History

You bump into the rock wall.
The orc warrior hits you with a scimitar.
* * * LOW HITPOINT WARNING * * *
You hear some strange, mumbled words.
A puff of flame appears from out of thin air!
The puff of flame hits you!
You miss the orc warrior.
The orc warrior is severely wounded.
You barely miss something. Something hits you but does no damage.
The orc warrior hits you with a scimitar.
* * * LOW HITPOINT WARNING * * *
You bump into the rock wall.
Something hits you but does no damage.
The orc warrior hits you with a scimitar.
* * * LOW HITPOINT WARNING * * *
You bump into the rock wall.
You feel less confused. Something hits you.
* * * LOW HITPOINT WARNING * * *
The orc warrior hits you with a scimitar!
You die...

#.. ... #..
.### ##### ..
... ....# #..
#.. #.#.# .
#?.##o#.#
#.....#o#
#.##.o#o#
#.#[..!o{@#
#####.......###
###...######.##
#...#.# #.#
##.#...######.#
.!.##.........#
###############


You could see an orc warrior and 3 orcs.

Vanquished Creatures
  A phantom (D:6)
  2 centaurs
  2 ogres
  A bullfrog (D:6)
  4 scorpions
  A bullfrog skeleton (D:5)
  2 orc wizards (D:4)
  An orc priest (D:4)
  2 iguanas (D:5)
  A worker ant (D:4)
  A big kobold zombie (Ossuary)
  4 mummies (Ossuary)
  A howler monkey skeleton (D:4)
  6 adders
  An ooze (D:3)
  An adder zombie (D:5)
  2 worms
  3 dart slugs
  6 leopard geckos
  14 orcs
  3 bats
  6 giant cockroaches
  3 gnoll zombies (Ossuary)
  7 hobgoblins
  6 jackals
  A quokka (D:2)
  A ball python zombie (D:5)
  6 frilled lizards
  17 goblins
  2 goblin zombies (Ossuary)
  A jackal skeleton (D:5)
  7 kobolds
  2 kobold zombies (Ossuary)
  A leopard gecko skeleton (D:4)
  9 rats
128 creatures vanquished.

Vanquished Creatures (others)
  An orc warrior (D:5)
1 creature vanquished.

Grand Total: 129 creatures vanquished

Notes
Turn   | Place    | Note
-------+----------+-------------------------------------------
     0 | Abyss:1  | Gargoyl the Ghoul Abyssal Knight began the quest for the Orb.
     0 | Abyss:1  | Reached XP level 1. HP: 19/19 MP: 1/1
     4 | Abyss:1  | Found a corrupted altar of Lugonu.
    38 | Abyss:1  | Found a corrupted altar of Lugonu.
    46 | Abyss:2  | Found a corrupted altar of Lugonu.
   106 | Abyss:2  | Noticed a thrashing horror
   107 | Abyss:2  | Noticed a black draconian
   110 | D:1      | Escaped the Abyss
   372 | D:1      | Reached * piety under Lugonu
   434 | D:1      | Reached skill level 2 in Armour
   438 | D:1      | Reached XP level 2. HP: 22/26 MP: 2/2
  1027 | D:2      | Reached skill level 1 in Dodging
  1042 | D:2      | Reached XP level 3. HP: 32/32 MP: 3/3
  1126 | D:2      | Found a deep blue altar of Sif Muna.
  1526 | D:2      | Found a burning altar of Makhleb.
  1637 | D:2      | Reached ** piety under Lugonu
  1801 | D:2      | Found a shattered altar of Ashenzari.
  1801 | D:2      | Found a faded altar of an unknown god.
  1810 | D:2      | Found a faded altar of an unknown god.
  1812 | D:2      | Found a faded altar of an unknown god.
  1813 | D:2      | Found a faded altar of an unknown god.
  1947 | D:3      | Reached XP level 4. HP: 39/40 MP: 4/4
  2017 | D:3      | Found a sacrificial altar of Ru.
  2148 | D:3      | Reached skill level 3 in Armour
  2346 | D:3      | Found an opulent altar of Gozag.
  2457 | D:4      | Reached XP level 5. HP: 39/46 MP: 5/5
  2536 | D:4      | Reached XP level 6. HP: 34/52 MP: 5/7
  2665 | D:4      | Found a sand-covered staircase.
  2669 | D:4      | Found Ocajamp's Antique Armour Boutique.
  2680 | Ossuary  | Entered an ossuary
  3048 | Ossuary  | Reached *** piety under Lugonu
  3067 | Ossuary  | Reached skill level 4 in Armour
  3110 | D:4      | Bought a pair of ichor-stained boots for 247 gold pieces
  3115 | D:4      | Identified the +4 pair of boots of Light {rF- rN+ Int-5 Dex+9} (You bought it in a shop on level 4 of the Dungeon)
  3296 | D:4      | Reached XP level 7. HP: 58/59 MP: 8/8
  3609 | D:5      | Entered Level 5 of the Dungeon
  3665 | D:5      | Reached skill level 5 in Armour
  3751 | D:5      | Found a hide-covered altar of Uskayaw.
  3862 | D:5      | Found Piemot's Gadget Boutique.
  3871 | D:5      | Reached XP level 8. HP: 65/65 MP: 8/10
  4041 | D:5      | HP: 3/67 [orc warrior/hand axe (1)]
  4432 | D:6      | Found a staircase to the Ecumenical Temple.
  4451 | D:6      | Reached skill level 5 in Axes
  4562 | D:6      | Found an ancient bone altar of Kikubaaqudgha.
  4686 | D:6      | Reached skill level 5 in Fighting
  4686 | D:6      | Reached skill level 6 in Armour
  4737 | D:6      | HP: 1/68 [orc warrior/scimitar (9)]
  4748 | D:6      | Mangled by an orc warrior

Skill      XL: |  1  2  3  4  5  6  7  8 |
---------------+-------------------------+-----
Armour         | 2 3 4 5 6 |  6.0
Axes           | 2 3 4 5 |  5.3
Dodging        | 1 |  1.3
Fighting       | 4 5 |  5.0
Invocations    | 3 4 |  4.4
Evocations     | |  0.1

Action                   |  1- 3 |  4- 6 |  7- 9 || total
-------------------------+-------+-------+-------++-------
Melee: Hand axe          |   159 |   143 |       ||   302
       War axe           |       |   133 |   165 ||   298
Invok: Depart the Abyss  |     1 |       |       ||     1
       Banish            |       |       |     1 ||     1
Evoke: Wand              |       |       |     2 ||     2
  Use: Scroll            |     6 |     4 |    11 ||    21
       Potion            |       |     2 |    10 ||    12
 Stab: Paralysed         |       |       |     2 ||     2
  Eat: Chunk             |    18 |    24 |    29 ||    71
Armor: Plate armour      |   153 |   213 |   145 ||   511
Dodge: Dodged            |    31 |    82 |    60 ||   173
